 Dungeon Crawl Stone Soup version 0.27-a0-577-ge2a43ba0c9 (webtiles) character file.

Game seed: 1090356683585519595

39 littlecub the Digger (level 3, -8/20 HPs)
             Began as a Gargoyle Earth Elementalist on Mar 9, 2021.
             Mangled by Sigmund
             ... wielding a +0 scythe
              (9 damage)
             ... on level 2 of the Dungeon.
             The game lasted 00:02:05 (1407 turns).

littlecub the Digger (Gargoyle Earth Elementalist)  Turns: 1407, Time: 00:02:06

Health: -8/20      AC:  7    Str: 11    XL:     3   Next: 47%
Magic:  5/5        EV: 11    Int: 16    God:
Gold:   29         SH:  0    Dex: 10    Spells: 2/6 levels left

rFire    . . .     SeeInvis .   h - +0 dagger
rCold    . . .     Faith    .   (no shield)
rNeg     + . .     Spirit   .   c - +0 robe
rPois    ∞         Reflect  .   (no helmet)
rElec    +         Harm     .   (no cloak)
rCorr    .         Rampage  .   (no gloves)
Will     .....                  (no boots)
Stlth    ++........             (no amulet)
HPRegen  0.06/turn              (no ring)
MPRegen  0.09/turn              (no ring)

@: no status effects
A: yellow scales 1, low mp 1, negative energy resistance 1, electricity
resistance, torment resistance 1, unbreathing 1, petrification resistance, AC +3
a: no special abilities


You were on level 2 of the Dungeon.
You visited 1 branch of the dungeon, and saw 2 of its levels.

You collected 29 gold pieces.

Inventory:

Hand Weapons
 h - a +0 dagger (weapon)
Armour
 c - a +0 robe (worn)
Scrolls
 a - 2 scrolls of blinking {unknown}
 d - a scroll of enchant weapon {unknown}
 g - a scroll of identify {unknown}
 i - a scroll of noise {unknown}


   Skills:
 + Level 1.4 Fighting
 - Level 1.5 Dodging
 - Level 2.1 Stealth
 + Level 2.3 Spellcasting
 + Level 0.4 Conjurations
 - Level 0.7 Transmutations
 * Level 4.5 Earth Magic


You had 2 spell levels left.
You knew the following spells:

 Your Spells              Type           Power      Damage    Failure   Level
a - Sandblast             Erth           32%        2d9       3%          1
b - Stone Arrow           Conj/Erth      18%        3d8       22%         3

Your spell library contained the following spells:

 Spells                   Type           Power      Damage    Failure   Level
 Passwall                 Tmut/Erth      8%         N/A       11%         2
 Petrify                  Tmut/Erth      10%        N/A       56%         4
 Lee's Rapid Deconstruct  Erth           8%         3d8*      65%         5


Dungeon Overview and Level Annotations

Branches:
Dungeon (2/15)

Altars:

Annotations:
D:2 Sigmund


Innate Abilities, Weirdness & Mutations

Your stone body is resilient. (AC +3)
You are immune to poison.
You resist negative energy. (rN+)
You are resistant to electric shocks. (rElec)
You are resistant to unholy torment.
You can survive without breathing.
You are immune to petrification.
You are partially covered in yellow scales. (AC +2)
Your magical capacity is low. (-10% MP)


Message History

The blast of sand hits the adder.
The adder is heavily wounded.
You now have no stones remaining.
The adder misses you.
You don't have any stones to cast with.
Unknown command.
You hit the adder.
The adder is heavily wounded.
The adder barely misses you.
You miss the adder.
The adder is heavily wounded.
The adder barely misses you. The adder bites you.
You barely miss the adder.
The adder is heavily wounded.
The adder bites you. Something hits you!
* * * LOW HITPOINT WARNING * * *
You hit the adder.
The adder is severely wounded.
The adder barely misses you. The adder bites you but does no damage.
The adder bites you.
* * * LOW HITPOINT WARNING * * *
The adder bites you but does no damage.
A bat and a kobold come into view.
The kobold shouts!
The kobold throws a stone.
The stone hits you but does no damage. The adder bites you but does no damage.
The kobold hits you but does no damage. The kobold hits you but does no damage.
The adder misses you.
A frilled lizard comes into view.
Found 8 gold pieces.
It was a potion of cancellation.
You feel magically purged. The adder barely misses you.
The adder closely misses you.
It was a potion of mutation.
You feel extremely strange.
You feel less energetic.
Yellow scales grow over part of your body.
The adder bites you.
* * * LOW HITPOINT WARNING * * *
Something hits you!
You die...

#....... $.. ..
#......## .. ..##
....... .. ....
....... . ...
...@... #. #. #.#
.##.....#
#..#.##.####.###...#
#..........#.# ##.#
#....@......####
###.##S##.......
##### #.##K.........
..... #.......##.##
##### #######.#
#.############
#.............
##############


You could see an adder and a kobold.

Vanquished Creatures
  3 dart slugs (D:1)
  A leopard gecko (D:1)
  A giant cockroach (D:1)
  2 goblins (D:1)
  3 hobgoblins (D:1)
  7 jackals (D:1)
  2 kobolds (D:1)
  4 bats (D:1)
  2 frilled lizards (D:1)
  5 rats (D:1)
30 creatures vanquished.

Notes
Turn   | Place    | Note
-------+----------+-------------------------------------------
     0 | D:1      | littlecub the Gargoyle Earth Elementalist began the quest
                  | for the Orb.
     0 | D:1      | Reached XP level 1. HP: 10/10 MP: 3/3
   119 | D:1      | Reached XP level 2. HP: 16/16 MP: 3/5
   121 | D:1      | Reached skill level 4 in Earth Magic
   362 | D:1      | Reached skill level 1 in Fighting
   580 | D:1      | Reached XP level 3. HP: 20/20 MP: 3/6
   584 | D:1      | Learned a level 3 spell: Stone Arrow
  1363 | D:2      | Noticed Sigmund
  1407 | D:2      | Gained mutation: Your magical capacity is low. (-10% MP)
                  | [potion of mutation]
  1407 | D:2      | Gained mutation: You are partially covered in yellow
                  | scales. (AC +2) [potion of mutation]
  1407 | D:2      | HP: 1/20 [adder (2)]
  1407 | D:2      | Mangled by Sigmund

Illustrated notes

Levels and vault maps discovered:
D:1:      nzn_arrival_settlement, layout_loops_ring, hangedman_decor_slide_cut
D:2:      layout_loops_ring, chequers_temple_overflow_minitemple, uniq_natasha,
          uniq_sigmund

Skill      XL: |  1  2 |
---------------+-------+-----
Earth Magic    | 4 |  4.5
Fighting       | 1 |  1.4
Dodging        | |  1.5
Stealth        | |  2.1
Spellcasting   | |  2.3
Conjurations   | |  0.4
Transmutations | |  0.7

Action                   || total
-------------------------++-------
Melee: Unarmed           ||    41
       Dagger            ||    39
 Cast: Sandblast         ||    31
  Use: Potion            ||     2
 Stab: Sleeping          ||     4
Armor: Robe              ||    46
Dodge: Dodged            ||    67

Table legend: (Time is in decaauts)
 A = Elapsed time spent in this place.
 B = Non-inter-level travel time spent in this place.
 C = Inter-level travel time spent in this place.
 D = Time resting spent in this place.
 E = Time spent auto-exploring this place.
 F = Levels seen in this place.
 G = Mean time per level.
                   A        B        C        D        E       F      G
               +--------+--------+--------+--------+--------+-----+--------+
         Total |   1406 |   1349 |     57 |     55 |   1056 |   2 |  703.0 |
       Dungeon |   1406 |   1349 |     57 |     55 |   1056 |   2 |  703.0 |
               +--------+--------+--------+--------+--------+-----+--------+

Top non-repeatable levels by time:
     D:1: 1358 daAuts
     D:2: 47 daAuts
